[Event "*** Titled Tuesday 3|2 Blitz"]
[Site "Chess.com"]
[Date "2016.09.06"]
[Round "3"]
[White "E-Shaposhnikov"]
[Black "GMKrikor"]
[Result "1-0"]
[WhiteElo "2657"]
[BlackElo "2510"]
[TimeControl "180+2"]
[EndTime "11:37:06 PDT"]
[Termination "E-Shaposhnikov won by resignation"]

1. Nf3 d5 2. d4 Nf6 3. c4 e6 4. Nc3 Bb4 5. e3 O-O 6. Bd3 c5 7. O-O dxc4 8. Bxc4 Nbd7 9. a3 cxd4 10. exd4 Bxc3 11. bxc3 b6 12. Bd3 Bb7 13. c4 Qc7 14. Re1 Rfe8 15. Bb2 Qf4 16. Qd2 Qxd2 17. Nxd2 Rac8 18.
a4 h6 19. f3 Red8 20. a5 e5 21. axb6 axb6 22. Ra7 exd4 23. Nb3 Bc6 24. Nxd4 Nc5 25. Bf1 Bd7 26. Rea1 Be6 27. Nxe6 Nxe6 28. Rb7 Rb8 29.
Rxb8 Rxb8 30. Kf2 Nc5 31. Bd4 Rd8 32. Be3 Rb8 33. Rb1 Nfd7 34. Be2 Ra8 35. Rb2 Ra3 36. Rd2 Kf8 37. g4 Ke7 38. h4 f6 39. Rd5 Ra2 40. Kf1 Ra1+ 41. Rd1 Ra2 42. Re1 Kd6 43. g5 hxg5 44.
hxg5 Ne5 45. f4 Nc6 46. Bf3 Nb4 47. Rb1 Ncd3 48. Be4 Kc7 49. Bxd3 Nxd3 50. Bxb6+ Kc6 51. gxf6 gxf6 52. Be3 Rc2 53. Rb6+ Kc7 54. Rxf6 Rxc4 55. Ke2 Nc5 56. Rh6 Kd7 57. f5 Ne4 58. Rh7+ Ke8 59. Kd3 Ra4 60. Bd4 Nd6 61. f6 Nf7 62. Rh1 Ra6 63. Re1+ Kf8 64. Bc5+ Kg8 65. Rg1+ Kh8 66.
Bd4 Rd6 67. Ke4 Ra6 68. Rg7 Nd6+ 69. Ke5 Nc4+ 70. Kf5 Ra5+ 71. Kg6 Ra6 72. Re7 1-0

[Event "*** Titled Tuesday 3|2 Blitz"]
[Site "Chess.com"]
[Date "2016.09.06"]
[Round "3"]
[White "Anton_Demchenko"]
[Black "CroatianPower"]
[Result "1/2-1/2"]
[WhiteElo "2606"]
[BlackElo "2443"]
[TimeControl "180+2"]
[EndTime "11:37:26 PDT"]
[Termination "Game drawn by stalemate"]

1. e4 e6 2. d4 d5 3. Nc3 Bb4 4. e5 c5 5. a3 Bxc3+ 6. bxc3 Qa5 7.
Bd2 Qa4 8. Qg4 Kf8 9. Nf3 Ne7 10.
Bd3 c4 11. Be2 Qxc2 12. O-O Nbc6 13. Bd1 Qg6 14. Qh3 Qf5 15. Qh4 Ng6 16. Qg3 h5 17. h3 h4 18. Qh2 Bd7 19. Rc1 Nce7 20. Bc2 Qh5 21. Ng5 Rg8 22. Bd1 Qh8 23. Rb1 b6 24.
a4 f6 25. Nf3 Kf7 26. a5 Rgb8 27. exf6 gxf6 28. Qd6 Qd8 29. Bc2 Be8 30. Qxd8 Rxd8 31. axb6 axb6 32. Rxb6 Ra2 33. Rc1 Rda8 34. Kf1 R8a6 35.
Rb7 Ra7 36. Rb8 Ra8 37. Rxa8 Rxa8 38. Rb1 Ba4 39. Ra1 Bc6 40. Rb1 Ra2 41. Bd1 Ba4 42.
Bxa4 Rxa4 43. Ke2 Ra2 44. Kd1 e5 45. Rb7 Ke6 46. Rb6+ Kf5 47. dxe5 fxe5 48. Be3 Nf4 49. Bxf4 Kxf4 50. Rf6+ Nf5 51. Nxh4 Kg5 52. Rxf5+ Kxh4 53. Rxe5 Rxf2 54. Rxd5 Rxg2 55. Rd4+ Kxh3 56. Rxc4 Ra2 57. Rf4 Kg3 58. Rf8 Kg4 59. Kc1 Kg5 60. Kb1 Rd2 61.
Rf1 Kg6 62. Rf3 Kg5 63. c4 Kg6 64. c5 Rd5 65. Rc3 Kf6 66. c6 Rd8 67. Kb2 Ke6 68. Kb3 Kd6 69. Rd3+ Kc7 70. Rxd8 Kxd8 71. Kc4 Kc7 72. Kd5 Kc8 73. Kd6 Kd8 74. Kc5 Kc7 75.
Kb5 Kc8 76. Kc4 Kc7 77. Kc5 Kc8 78. Kb6 Kb8 79. c7+ Kc8 80. Kc6 1/2-1/2

[Event "*** Titled Tuesday 3|2 Blitz"]
[Site "Chess.com"]
[Date "2016.09.06"]
[Round "3"]
[White "Krutoy123"]
[Black "OparinGrigoriy"]
[Result "1/2-1/2"]
[WhiteElo "2373"]
[BlackElo "2592"]
[TimeControl "180+2"]
[EndTime "11:37:37 PDT"]
[Termination "Game drawn by repetition"]

1. Nf3 d5 2. c4 e6 3. b3 Nf6 4.
Bb2 Be7 5. e3 O-O 6. Be2 c5 7. O-O b6 8. d4 Bb7 9. cxd5 Nxd5 10.
dxc5 Bxc5 11. Nbd2 Nd7 12. Rc1 Rc8 13. a3 Be7 14. b4 Bf6 15. Nd4 Rxc1 16. Qxc1 Qa8 17. Qb1 Rd8 18. Rc1 Be7 19. N2f3 h6 20. Bb5 N5f6 21. Nc6 Bxc6 22. Bxc6 Qb8 23. Nd4 Bd6 24. g3 Rc8 25. Bg2 Rxc1+ 26. Qxc1 a5 27. Qc4 axb4 28. axb4 Ne5 29. Qb5 Qc7 30. h3 Nc4 31. Bc1 Ne5 32. Bd2 Nc4 33. Be1 Nd7 34. Qa6 Nce5 35. Qa8+ Bf8 36.
Qa1 Nd3 37. Nc6 Nxe1 38. Qxe1 Ne5 39. b5 Bc5 40. Qc3 Nd7 41. h4 Qd6 42. Bf1 Nf6 43. Qd3 Nd5 44. Bg2 Nc7 45. Qxd6 Bxd6 46. Bf1 g5 47. hxg5 hxg5 48. Bc4 Kg7 49. Kg2 Bc5 50.
g4 Ne8 51. Kf3 Nd6 52. Bd3 f5 53. Kg3 Kf6 54. Nb8 Ke7 55. Nc6+ Kf6 56. Nb8 Ke7 57.
Nc6+ Ke8 58. Kf3 Kf7 59. Ne5+ Ke7 60. Kg3 Ba3 61. f4 gxf4+ 62. exf4 fxg4 63. Kxg4 Bb2 64. Nc6+ Kf6 65. Nb8 Bd4 66. Nc6 Bc5 67. Ne5 Ke7 68. Kf3 Nf5 69. Nc6+ Kd6 70. Bc4 Nh4+ 71. Ke4 Nf5 72. Nd8 Nd4 73. Nb7+ Kc7 74. Nxc5 bxc5 75. Ke5 Kb6 76. Bd3 Kc7 77. Bf1 Kd7 78. Bc4 Kc7 79.
Bd3 Kd7 80. Bc4 Kc7 81. Bd3 Kd7 82. Bc4 Kc7 83. Bd3 1/2-1/2

[Event "*** Titled Tuesday 3|2 Blitz"]
[Site "Chess.com"]
[Date "2016.09.06"]
[Round "3"]
[White "macko06"]
[Black "cassoulet"]
[Result "1-0"]
[WhiteElo "2190"]
[BlackElo "2298"]
[TimeControl "180+2"]
[EndTime "11:37:52 PDT"]
[Termination "macko06 won by checkmate"]

1. d4 d5 2. c4 e6 3. Nf3 Nf6 4. g3 Be7 5. Bg2 O-O 6. O-O dxc4 7. Qc2 a6 8. a4 Nc6 9. Qxc4 Bd7 10. Bg5 h6 11.
Bxf6 Bxf6 12. e3 Qe7 13. Nc3 Rfc8 14. Rfd1 Na5 15. Qe2 c5 16. Ne4 Nb3 17. Ra3 c4 18. Nxf6+ Qxf6 19. Ne5 Rc7 20. Nxd7 Rxd7 21. Qxc4 Na5 22.
Qc5 Qd8 23. Rc3 Rb8 24. Rdc1 b6 25. Qc8 Rxc8 26. Rxc8 Kf8 27. Rxd8+ Rxd8 28. Rc7 b5 29. axb5 axb5 30. Bf1 b4 31. Rc5 Ra8 32. Rb5 b3 33.
Be2 Ke7 34. Bd1 Nc4 35. Bxb3 Nxb2 36. Bxe6 Ra1+ 37. Kg2 Nd3 38. Bc4 Ne1+ 39. Kh3 Rc1 40. Rb7+ Kd6 41. Bxf7 Nf3 42. Bh5 Ng5+ 43. Kg4 Ne4 44. Kf3 Ng5+ 45. Kg2 Rc2 46. Rxg7 Ke6 47. Rg6+ Ke7 48. Rxh6 Ne4 49. Rh7+ Kf6 50. Rf7+ Kg5 51. Bd1 Rd2 52. h4+ Kg6 53. Bb3 Nd6 54. Rf4 Nf5 55.
Kf3 Nd6 56. Bd5 Kg7 57. Be6 Rb2 58. d5 Rd2 59. e4 Nc4 60. Kg4 Ne5+ 61. Kf5 Nd3 62.
Rg4+ Kh6 63. f4 Nc5 64. Rg6+ Kh7 65. h5 Ra2 66. Kf6 Ra7 67. e5 Ne4+ 68. Kf5 Nc5 69. d6 Ra8 70. Bd5 Rf8+ 71. Rf6 Re8 72. g4 Nd3 73. Be4 Nc5 74. d7 Rd8 75. e6 Kh8 76. Ke5 Rb8 77. Rf7 Na6 78. Kf6 Nc5 79. Bf5 Nb7 80. g5 Nd6 81. g6 Ne8+ 82. Ke7 Ng7 83. Bg4 Nxe6 84. Bxe6 Kg8 85. Rh7# 1-0

[Event "*** Titled Tuesday 3|2 Blitz"]
[Site "Chess.com"]
[Date "2016.09.06"]
[Round "3"]
[White "Mischuk_D"]
[Black "Mornar1951"]
[Result "1/2-1/2"]
[WhiteElo "2487"]
[BlackElo "2547"]
[TimeControl "180+2"]
[EndTime "11:37:55 PDT"]
[Termination "Game drawn by stalemate"]

1. e4 e6 2. d4 d5 3. Nd2 c5 4. exd5 Qxd5 5. dxc5 Bxc5 6. Ngf3 Nf6 7. Bc4 Qc6 8. Qe2 a6 9. O-O O-O 10. Ne5 Qc7 11. Ndf3 b5 12. Bb3 Bb7 13. Bf4 Qe7 14. a4 b4 15. Bg5 h6 16. Bh4 Nc6 17.
Rfd1 Nxe5 18. Nxe5 g5 19. Bg3 Rfd8 20. a5 Ne4 21. Nd3 Nxg3 22. hxg3 Bd4 23. Ra4 Bg7 24. Nxb4 Rxd1+ 25. Qxd1 Bxb2 26. Nd3 Bg7 27. Rb4 Rd8 28. Qe1 Qc7 29. Rc4 Qd6 30. Ra4 Bc6 31.
Ra2 Bb5 32. Qe4 Qc7 33. c4 Bc6 34. Qe2 Qd6 35. Bc2 Qd4 36. Nb4 Bb7 37. Ba4 Qc5 38.
Nc2 Qxa5 39. Ne3 Qc5 40. Rd2 Rxd2 41. Qxd2 Bd4 42. Nc2 Be5 43. Ne3 Qd4 44. Qc1 Qe4 45. Bc2 Qd4 46. Bd1 Qb2 47. Qxb2 Bxb2 48. Ba4 Bd4 49.
Nc2 Bc5 50. Kf1 Kf8 51. Ne1 Ke7 52. Nd3 Kd6 53. f3 f6 54. Ke2 Bc6 55. Bxc6 Kxc6 56. g4 a5 57. Kd2 a4 58. Kc3 Bd6 59. Nf2 f5 60. Nd3 fxg4 61. fxg4 Be7 62. Nf2 Kb6 63. Ne4 Ka5 64. Kd4 a3 65. Kc3 Ka4 66. Kc2 Kb4 67. Nd2 Bf6 68. Kb1 Bc3 69. Ne4 Bd4 70.
Ka2 Kxc4 71. Kxa3 Kd3 72. Nd6 Ke2 73. Kb3 Kf2 74. Kc4 Bg7 75. Ne8 Be5 76. Kd3 Kxg2 77. Ke4 Bh8 78. Nc7 Kg3 79. Nxe6 Kxg4 80. Ke3 Be5 81.
Kf2 Kf5 82. Nd8 h5 83. Nc6 h4 84. Ne7+ Ke4 85. Ng6 Kf5 86. Nxh4+ gxh4 87. Kg2 Kg4 88.
Kh1 h3 89. Kg1 h2+ 90. Kh1 Kh3 1/2-1/2

[Event "*** Titled Tuesday 3|2 Blitz"]
[Site "Chess.com"]
[Date "2016.09.06"]
[Round "3"]
[White "AllStarShark"]
[Black "Generalas"]
[Result "1/2-1/2"]
[WhiteElo "2279"]
[BlackElo "2179"]
[TimeControl "180+2"]
[EndTime "11:38:39 PDT"]
[Termination "Game drawn by 50-move rule"]

1. d4 d5 2. Bf4 Nf6 3. e3 e6 4.
Nd2 Bd6 5. Bxd6 Qxd6 6. c3 O-O 7. f4 c5 8. Ngf3 Nc6 9. Ne5 b6 10. Bd3 Bb7 11. O-O Nd7 12. Rf3 f6 13. Nxc6 Bxc6 14.
Rh3 f5 15. g4 g6 16. Qe2 Nf6 17. gxf5 exf5 18. Nf3 Rae8 19. Ne5 Ne4 20. Bxe4 fxe4 21. Kh1 Rf5 22. Rg1 Re6 23. Rhg3 Kh8 24. Rg5 Ref6 25.
Qg4 Be8 26. h4 Rxg5 27. Qxg5 Rf5 28. Qg4 Qf6 29. Rg2 Rh5 30. Rh2 Qf5 31. Kg2 Kg7 32. Kg3 Qxg4+ 33. Nxg4 Bd7 34. Ne5 Be6 35. Nc6 a6 36. b4 c4 37. Ne5 Kf6 38. a3 Ke7 39. Rf2 Kd6 40. a4 Bf5 41. Nf7+ Ke6 42. Ng5+ Kf6 43.
a5 b5 44. Rf1 h6 45. Nh3 Bxh3 46. Kxh3 Rf5 47. Rg1 Kf7 48. Kg4 Kf6 49. Rh1 h5+ 50. Kg3 Kf7 51. Kh3 Rf6 52. Rg1 Rf5 53. Rg2 Kf6 54. Kg3 Kf7 55. Kf2 Kf6 56. Rg5 Kf7 57. Kg3 Kf6 58. Kh3 Kf7 59. Rg1 Kf6 60. Ra1 Kf7 61.
Ra2 Kf6 62. Rd2 Kf7 63. Kg2 Kf6 64. Kf2 Kf7 65. Ke2 Kf6 66. Kd1 Kf7 67. Kc2 Kf6 68.
Rg2 Kf7 69. Rg3 Kf6 70. Kb2 Kf7 71. Ka3 Kf6 72. Ka2 Kf7 73. Ka1 Kf6 74. Kb1 Kf7 75.
Kb2 Kf6 76. Kc2 Kf7 77. Kc1 Kf6 78. Kd1 Kf7 79. Kd2 Kf6 80. Ke2 Kf7 81. Ke1 Kf6 82. Kf1 Kf7 83. Kf2 Kf6 84. Rg5 Kf7 85. Kg2 Kf6 86.
Kh2 Kf7 87. Kh3 Kf6 88. Kg3 Kf7 89. Kh2 Kf6 90. Rg1 Kf7 91. Rg2 Kf6 92. Rg3 Kf7 93.
Kh1 Kf6 94. Kg2 Kf7 95. Kg1 Kf6 96. Kf2 Kf7 97. Kf1 Kf6 98. Ke2 Kf7 99. Ke1 Kf6 100.
Kd2 Kf7 101. Kd1 Kf6 102. Kc2 Kf7 103. Kc1 Kf6 104. Kb2 Kf7 105. Kb1 Kf6 106. Ka1 Kf7 107. Ka2 Kf6 108. Ka3 Kf7 109. Kb2 Kf6 110. Ka2 Kf7 111. Ka1 1/2-1/2

[Event "*** Titled Tuesday 3|2 Blitz"]
[Site "Chess.com"]
[Date "2016.09.06"]
[Round "3"]
[White "pKiLz5Rn9b"]
[Black "Iball95"]
[Result "1-0"]
[WhiteElo "2453"]
[BlackElo "2527"]
[TimeControl "180+2"]
[EndTime "11:41:40 PDT"]
[Termination "pKiLz5Rn9b won by resignation"]

1. e4 e6 2. g3 d5 3. Bg2 dxe4 4.
Bxe4 Nf6 5. Bg2 Nc6 6. Nc3 e5 7.
Nge2 Bc5 8. d3 O-O 9. Be3 Bb6 10. Qd2 Be6 11. h3 Nd5 12. Nxd5 Bxd5 13. O-O Bxg2 14.
Kxg2 Qd5+ 15. Kh2 Rad8 16. Nc3 Qd7 17. Rae1 Rfe8 18. Bxb6 axb6 19. f4 exf4 20. Qxf4 Nd4 21. Qf2 f5 22. Qg2 c5 23. a4 g6 24. b3 Kg7 25.
Kg1 Qc6 26. Rc1 Re3 27. Rf2 Rde8 28. Qxc6 bxc6 29. Kg2 h5 30. h4 R8e7 31. Ra1 f4 32. Ne4 Nf5 33. Rxf4 Re2+ 34. Rf2 Ne3+ 35. Kf3 Rxf2+ 36.
Kxf2 Nxc2 37. Rd1 Nd4 38. Rb1 Rf7+ 39. Kg2 Rf3 40. a5 bxa5 41. Nxc5 Re3 42. Ra1 Nf5 43. Ne4 Rxd3 44. Rxa5 Rxb3 45. Ra7+ Kf8 46. Rc7 Re3 47.
Ng5 Rxg3+ 48. Kf2 Rc3 49. Rd7 Ke8 50. Ra7 Nxh4 51. Ne4 Rc2+ 52. Ke3 Nf5+ 53. Kf4 Re2 54. Nc5 h4 55. Rh7 Rf2+ 56. Ke5 Re2+ 57. Kf6 Kd8 58. Kxg6 Ne7+ 59. Kf6 Nd5+ 60. Kf5 Rc2 61. Ne6+ Kc8 62. Rxh4 Re2 63. Nd4 Ne7+ 64. Kf6 Re1 65. Rh7 Kd8 66. Ne6+ Kd7 67. Rxe7+ Kd6 68. Re8 Rf1+ 69. Kg5 Re1 70. Kf5 Rf1+ 71. Nf4 c5 72. Re2 Rd1 73. Ke4 Rd4+ 74.
Ke3 Kc6 75. Rb2 Rd8 76. Nd3 c4 77. Nb4+ Kb5 78. Na2+ Kc5 79. Ke2 Rh8 80. Kf3 Rf8+ 81. Kg3 Rg8+ 82. Kf2 Rh8 83. Kg3 Rg8+ 84. Kf4 Rf8+ 85.
Ke5 Re8+ 86. Kf6 Re3 87. Rb8 c3 88. Rc8+ Kd4 89. Nb4 Rf3+ 90. Kg5 Rf2 91. Kg4 Rf7 92. Nc6+ Ke4 93. Re8+ Kd5 94. Rc8 Ke4 95. Nb4 Rg7+ 96. Kh3 Kd4 97. Na2 Rh7+ 98. Kg3 Rg7+ 99. Kf3 Rf7+ 100.
Ke2 Re7+ 101. Kd1 Re3 102. Kc2 Re2+ 103. Kb3 Rb2+ 104. Ka3 Rc2 105. Nb4 Rh2 106. Rc7 Rg2 107. Na2 Rc2 108. Nb4 Rg2 109. Na6 Kd3 110. Nc5+ Kd4 111. Nb3+ Kd3 112. Rd7+ Kc4 113. Rd4+ Kb5 114. Rb4+ Kc6 115. Rc4+ Kd5 116. Rxc3 Re2 117. Rc5+ Kd6 118. Rc8 Rh2 119. Kb4 Rh4+ 120. Kb5 Rh5+ 121. Nc5 Rg5 122. Rd8+ Kc7 123. Rd1 Rg2 124. Rd7+ Kc8 125. Rh7 Rg6 126. Ne4 Rg4 127. Nd6+ Kb8 128. Kc6 Rg8 129. Rb7+ Ka8 130. Rb1 Rh8 131. Rg1 Rf8 132. Kb6 Rb8+ 133. Kc7 Rc8+ 134. Kxc8 1-0

[Event "*** Titled Tuesday 3|2 Blitz"]
[Site "Chess.com"]
[Date "2016.09.06"]
[Round "4"]
[White "MattyDPerrine"]
[Black "Andrejkin"]
[Result "1-0"]
[WhiteElo "2205"]
[BlackElo "2195"]
[TimeControl "180+2"]
[EndTime "11:43:28 PDT"]
[Termination "MattyDPerrine won by checkmate"]

1. d4 d5 2. c4 c6 3. Nc3 e6 4.
e4 dxe4 5. Nxe4 Bb4+ 6. Bd2 Qxd4 7. Bxb4 Qxe4+ 8. Be2 Nf6 9. Qd6 Ng8 10. Qf8+ Kd7 11.
O-O-O+ Kc7 12. Qd8# 1-0

[Event "*** Titled Tuesday 3|2 Blitz"]
[Site "Chess.com"]
[Date "2016.09.06"]
[Round "4"]
[White "OparinGrigoriy"]
[Black "MateusViageiro"]
[Result "1-0"]
[WhiteElo "2595"]
[BlackElo "2350"]
[TimeControl "180+2"]
[EndTime "11:43:39 PDT"]
[Termination "OparinGrigoriy won by resignation"]

1. e4 c5 2. Nc3 d6 3. Nf3 Nf6 4. d4 cxd4 5. Nxd4 a6 6. h3 g6 7. g4 Bg7 8. Be3 Nc6 9. Qd2 h5 10. g5 Nd7 11. O-O-O Nde5 12. Be2 Bd7 13. f4 Nxd4 14. Bxd4 Rc8 15. fxe5 dxe5 16. Bb6 Rc7 17. Nd5 1-0

[Event "*** Titled Tuesday 3|2 Blitz"]
[Site "Chess.com"]
[Date "2016.09.06"]
[Round "4"]
[White "yurisolo"]
[Black "ZEN-22"]
[Result "0-1"]
[WhiteElo "2483"]
[BlackElo "2288"]
[TimeControl "180+2"]
[EndTime "11:44:08 PDT"]
[Termination "ZEN-22 won by resignation"]

1. e4 c5 2. Nf3 Nf6 3. e5 Nd5 4. Nc3 Nb4 5. Bc4 d5 6. exd6 e6 7. Nb5 Bxd6 8. Nxd6+ Qxd6 9. O-O O-O 10. d3 N8c6 11.
a3 Nd5 12. Bd2 b6 13. Ng5 h6 14. Ne4 Qd7 15. Qg4 f5 16. Qg6 fxe4 17. dxe4 Ne5 0-1

[Event "*** Titled Tuesday 3|2 Blitz"]
[Site "Chess.com"]
[Date "2016.09.06"]
[Round "4"]
[White "Rating-Schmating"]
[Black "Makalexa"]
[Result "1-0"]
[WhiteElo "2223"]
[BlackElo "2163"]
[TimeControl "180+2"]
[EndTime "11:45:33 PDT"]
[Termination "Rating-Schmating won by resignation"]

1. e4 e5 2. Nf3 Nc6 3. d4 exd4 4. Nxd4 Bc5 5. Nxc6 Qf6 6. Qf3 bxc6 7. Bc4 Qxf3 8.
gxf3 Ne7 9. Be3 Bxe3 10. fxe3 d5 11. Bd3 Rb8 12. b3 O-O 13. Nc3 f5 14. e5 c5 15.
f4 d4 16. exd4 cxd4 17. Nb5 Nd5 18. Bc4 Be6 19. Nxd4 Bf7 20. e6 Rfe8 21. O-O-O Bxe6 22. Nxe6 Ne3 23. Nxc7+ Nxc4 24. Nxe8 1-0

[Event "*** Titled Tuesday 3|2 Blitz"]
[Site "Chess.com"]
[Date "2016.09.06"]
[Round "4"]
[White "Kawhi_Leonard2"]
[Black "chorejason"]
[Result "1-0"]
[WhiteElo "2004"]
[BlackElo "2027"]
[TimeControl "180+2"]
[EndTime "11:46:12 PDT"]
[Termination "Kawhi_Leonard2 won by resignation"]

1. e4 c5 2. Nf3 d6 3. d4 cxd4 4. Nxd4 Nf6 5. Nc3 g6 6. Be3 Bg7 7. f3 O-O 8. Qd2 Nc6 9. O-O-O d5 10. exd5 Nxd5 11. Nxc6 bxc6 12. Bd4 Bxd4 13. Qxd4 Qb6 14. Na4 Qa5 15. b3 Bf5 16. g4 Be6 17. h4 Rfd8 18.
Qe5 Qb4 19. Bc4 Qxa4 20. bxa4 1-0

[Event "*** Titled Tuesday 3|2 Blitz"]
[Site "Chess.com"]
[Date "2016.09.06"]
[Round "4"]
[White "Tash_Boy"]
[Black "Iball95"]
[Result "1-0"]
[WhiteElo "2411"]
[BlackElo "2516"]
[TimeControl "180+2"]
[EndTime "11:46:15 PDT"]
[Termination "Tash_Boy won by checkmate"]

1. e3 e5 2. d4 exd4 3. exd4 d5 4. Nc3 Nf6 5. Bg5 Be7 6. Qf3 c6 7. Bd3 h6 8. Bxf6 Bxf6 9. O-O-O O-O 10. Nge2 Re8 11. h4 Bxh4 12. Nf4 Bg5 13. Kb1 Qf6 14. Nce2 Nd7 15. Qg3 Bxf4 16. Nxf4 Qg5 17. Bh7+ Kf8 18. Qf3 Nf6 19. Rde1 Rxe1+ 20. Rxe1 Nxh7 21. Qa3+ Kg8 22. Re8+ Nf8 23. Qxf8+ Kh7 24. Qh8# 1-0

[Event "*** Titled Tuesday 3|2 Blitz"]
[Site "Chess.com"]
[Date "2016.09.06"]
[Round "4"]
[White "Blitzstream"]
[Black "saraswathii"]
[Result "1-0"]
[WhiteElo "2540"]
[BlackElo "2094"]
[TimeControl "180+2"]
[EndTime "11:46:59 PDT"]
[Termination "Blitzstream won by resignation"]

1. d4 Nf6 2. Bg5 g6 3. Bxf6 exf6 4. c4 Bg7 5. Nc3 O-O 6. g3 d6 7. Bg2 c6 8. e3 Nd7 9. Nge2 Nb6 10. Qd3 Be6 11.
b3 a5 12. O-O a4 13. Nf4 a3 14. Rfd1 Qe7 15. d5 cxd5 16. Ncxd5 Nxd5 17. Nxd5 Bxd5 18. Qxd5 f5 19. Rac1 Qf6 20. Rc2 Rab8 21. Rcd2 Rfd8 22. Qa5 Ra8 23. Qb4 Qc3 24. Qxc3 Bxc3 25. Rxd6 Rxd6 26. Rxd6 Rb8 27. Rb6 Rd8 28. Bd5 1-0

[Event "*** Titled Tuesday 3|2 Blitz"]
[Site "Chess.com"]
[Date "2016.09.06"]
[Round "4"]
[White "VMikhalevski"]
[Black "Dlugy"]
[Result "0-1"]
[WhiteElo "2436"]
[BlackElo "2562"]
[TimeControl "180+2"]
[EndTime "11:47:26 PDT"]
[Termination "Dlugy won by resignation"]

1. Nf3 Nf6 2. g3 g6 3. b3 Bg7 4. Bb2 O-O 5. Bg2 a5 6. a4 Nc6 7.
O-O d5 8. e3 Re8 9. d4 Bf5 10.
Na3 Be4 11. Qe2 Nd7 12. Rfd1 Qc8 13. Nb5 e5 14. c4 exd4 15. Nfxd4 Nxd4 16. Bxd4 Bxd4 17. Rxd4 Nc5 18. Qd1 dxc4 19. Rxc4 Rd8 20. Qe1 Bxg2 21. Rxc5 Qh3 22. Rxc7 Rd5 23. Rc4 Rh5 24. f4 Qxh2+ 25.
Kf2 Be4+ 0-1

[Event "*** Titled Tuesday 3|2 Blitz"]
[Site "Chess.com"]
[Date "2016.09.06"]
[Round "4"]
[White "geordie_derraugh"]
[Black "AllStarShark"]
[Result "1-0"]
[WhiteElo "2203"]
[BlackElo "2268"]
[TimeControl "180+2"]
[EndTime "11:47:43 PDT"]
[Termination "geordie_derraugh won on time"]

1. e4 c6 2. c4 d5 3. exd5 cxd5 4.
cxd5 Nf6 5. Nf3 g6 6. Bc4 Bg7 7. Nc3 O-O 8. O-O a6 9. a4 b6 10. d4 Bb7 11. Bg5 Nbd7 12. Re1 Re8 13. Ne5 Rc8 14. Bb3 h6 15. Bh4 Nf8 16. Qf3 g5 17. Bg3 e6 18. Nxf7 Kxf7 19. dxe6+ Nxe6 20. Qxb7+ Rc7 21. Bxc7 Qd7 22. Qxb6 1-0

[Event "*** Titled Tuesday 3|2 Blitz"]
[Site "Chess.com"]
[Date "2016.09.06"]
[Round "4"]
[White "ZapataCharlesS"]
[Black "semiks"]
[Result "1/2-1/2"]
[WhiteElo "2593"]
[BlackElo "2516"]
[TimeControl "180+2"]
[EndTime "11:47:44 PDT"]
[Termination "Game drawn by agreement"]

1. e4 d5 2. exd5 Qxd5 3. Nf3 Nf6 4. d4 Bg4 5. c4 Qd7 6. Be3 e6 7.
h3 Bh5 8. Nc3 Nc6 9. g4 Bg6 10.
Bg2 O-O-O 11. O-O Ne4 12. Rc1 Nxc3 13. Rxc3 h5 14. Qa4 Be4 15. Ne5 Nxe5 16. Qxa7 Qc6 17. Bxe4 Qxe4 18. dxe5 Qxe5 19. g5 c6 20. Qa4 Be7 21.
c5 Bxg5 22. Qa8+ Kc7 23. Qa5+ Kc8 24. Qa8+ Kc7 25. Qa5+ Kc8 26. f4 Qb8 27. fxg5 Qg3+ 28. Kh1 Qxh3+ 29. Kg1 Qg3+ 30. Kh1 1/2-1/2

[Event "*** Titled Tuesday 3|2 Blitz"]
[Site "Chess.com"]
[Date "2016.09.06"]
[Round "4"]
[White "Tesla37"]
[Black "E-Shaposhnikov"]
[Result "0-1"]
[WhiteElo "2592"]
[BlackElo "2664"]
[TimeControl "180+2"]
[EndTime "11:47:46 PDT"]
[Termination "E-Shaposhnikov won by resignation"]

1. e4 c5 2. Nf3 e6 3. d4 cxd4 4. Nxd4 a6 5. Nc3 Qc7 6. Bd3 Nc6 7. Nxc6 dxc6 8. O-O e5 9. f4 Nf6 10. f5 b5 11. Kh1 Be7 12. a4 Bb7 13. Qf3 O-O 14. Be3 h6 15. Rad1 Rfd8 16. b3 Rd7 17. Rg1 Rad8 18. g4 b4 19. Ne2 Nxe4 20. Bxe4 Rxd1 21.
Ng3 Rxg1+ 22. Bxg1 Rd7 23. f6 Bxf6 24. Qf5 c5 25.
Qh7+ Kf8 26. Qh8+ Ke7 27. Nf5+ Ke6 28. Qe8+ Re7 0-1

[Event "*** Titled Tuesday 3|2 Blitz"]
[Site "Chess.com"]
[Date "2016.09.06"]
[Round "4"]
[White "cassoulet"]
[Black "Generalas"]
[Result "1-0"]
[WhiteElo "2311"]
[BlackElo "2173"]
[TimeControl "180+2"]
[EndTime "11:47:49 PDT"]
[Termination "cassoulet won by resignation"]

1. e4 e5 2. Nf3 Nc6 3. Bc4 Nf6 4.
d3 Be7 5. c3 O-O 6. O-O d5 7.
exd5 Nxd5 8. Re1 Bg4 9. h3 Bh5 10. Nbd2 f6 11. Qb3 Bf7 12. Qxb7 Na5 13. Qa6 Nxc4 14.
dxc4 Nf4 15. Ne4 Ne6 16. Be3 Qd3 17. Ng3 Rfe8 18. Rad1 Qc2 19. Rd2 Qg6 20. Nh4 Nc5 21.
Bxc5 Qh6 22. Be3 Qxh4 23. Nf5 Qe4 24. Nxe7+ Rxe7 25. b3 f5 26. Red1 f4 27. Bc5 Re6 28.
Rd8+ Rxd8 29. Rxd8+ Re8 30. Rxe8+ Bxe8 31. Qe6+ 1-0

[Event "*** Titled Tuesday 3|2 Blitz"]
[Site "Chess.com"]
[Date "2016.09.06"]
[Round "4"]
[White "Quiet_Desperation"]
[Black "RamonManon0g"]
[Result "0-1"]
[WhiteElo "2234"]
[BlackElo "2202"]
[TimeControl "180+2"]
[EndTime "11:47:57 PDT"]
[Termination "RamonManon0g won by resignation"]

1. c4 e5 2. Nc3 Nc6 3. g3 f5 4. Bg2 Nf6 5. b3 Bc5 6. e3 Nb4 7. d3 d5 8. a3 d4 9. axb4 Bxb4 10. Ne2 dxc3 11. O-O O-O 12. d4 exd4 13. exd4 Ne4 14.
Be3 c6 15. Qc2 Qe7 16. Rfe1 b5 17. f3 Nd6 18. Nxc3 bxc4 19. Bf4 Qd7 20. bxc4 Nxc4 21. Qb3 Qxd4+ 22. Be3 Qxc3 23. Qxc3 Bxc3 24. Rac1 Bxe1 25. Rxc4 Bb7 26. f4 a5 27. Bxc6 Bxc6 28. Rxc6 a4 29. Bd4 a3 30. Rc7 Rf7 0-1

[Event "*** Titled Tuesday 3|2 Blitz"]
[Site "Chess.com"]
[Date "2016.09.06"]
[Round "4"]
[White "lionheart95"]
[Black "Boryboy"]
[Result "1-0"]
[WhiteElo "2463"]
[BlackElo "2409"]
[TimeControl "180+2"]
[EndTime "11:48:03 PDT"]
[Termination "lionheart95 won by resignation"]

1. e4 e6 2. d4 d5 3. Bd3 dxe4 4. Bxe4 Nf6 5. Bf3 Nc6 6. Ne2 e5 7. O-O exd4 8. Bxc6+ bxc6 9. Nxd4 c5 10. Nb5 Bd6 11. Re1+ Be6 12. N1c3 O-O 13. Nxd6 Qxd6 14. Bg5 Ng4 15.
Qxd6 cxd6 16. Be7 Rfb8 17. b3 Rb6 18. Rad1 c4 19. h3 Nf6 20. Bxd6 cxb3 21. cxb3 Rc8 22.
Be5 Rbc6 23. Bxf6 gxf6 24. Ne4 Kg7 25. Nd6 R8c7 26. Ne8+ Kf8 27. Nxc7 Rxc7 28. Rc1 Rb7 29. Red1 Kg7 30. Rd2 Rb5 31. f3 a5 32. Kf2 a4 33.
bxa4 Rb4 34. Rc3 Rxa4 35. a3 f5 36. Rb2 Kf6 37. Rb4 Ra7 38. a4 Ke5 39. Ra3 Kd6 40.
a5 Kc5 41. Rb2 f4 42. a6 Bd5 43. Ra5+ Kc4 44. Rc2+ Kd3 45. Rc8 Be6 46. Rb8 Bc4 47.
Rb7 Ra8 48. a7 Re8 49. a8=Q 1-0

[Event "*** Titled Tuesday 3|2 Blitz"]
[Site "Chess.com"]
[Date "2016.09.06"]
[Round "4"]
[White "Mischuk_D"]
[Black "putinwarrior"]
[Result "0-1"]
[WhiteElo "2476"]
[BlackElo "2368"]
[TimeControl "180+2"]
[EndTime "11:48:26 PDT"]
[Termination "putinwarrior won by resignation"]

1. e4 Nf6 2. e5 Nd5 3. d4 d6 4.
Nf3 dxe5 5. Nxe5 c6 6. Be2 Bf5 7. O-O Nd7 8. Nc4 e6 9. Ne3 Nxe3 10. Bxe3 Bd6 11. Nd2 O-O 12. Nc4 Bc7 13. c3 Qh4 14. g3 Qe7 15. Bf3 Nb6 16. Ne5 Bxe5 17. dxe5 Nc4 18. Qd4 Nxb2 19. a4 Rfd8 20. Qb4 Qxb4 21. cxb4 Nd3 22. b5 Nxe5 23. Bg2 cxb5 24. axb5 Bd3 25.
Rfe1 Bxb5 26. Bxb7 Rab8 27. Bxa7 Rxb7 28. Rxe5 Ra8 29.
Ree1 Rbxa7 30. Rab1 Be8 31. h4 h5 32. Rbc1 g6 33. Rb1 Bc6 34. Rbc1 Bd5 35. Rb1 Ra2 36. Rbc1 Rd2 37. Ra1 Rxa1 38. Rxa1 Ra2 39. Rb1 Kg7 40. Rc1 Kf6 41. Rb1 Kf5 42. Rb2 Rxb2 0-1

[Event "*** Titled Tuesday 3|2 Blitz"]
[Site "Chess.com"]
[Date "2016.09.06"]
[Round "4"]
[White "Lali-Rustavi"]
[Black "AnastasiaProtopopova"]
[Result "0-1"]
[WhiteElo "1827"]
[BlackElo "2086"]
[TimeControl "180+2"]
[EndTime "11:48:37 PDT"]
[Termination "AnastasiaProtopopova won by resignation"]

1. e4 e5 2. Nf3 Nc6 3. Bc4 Nf6 4.
d3 Bc5 5. c3 O-O 6. O-O d5 7.
exd5 Nxd5 8. Re1 Bg4 9. a4 a5 10. h3 Bh5 11. Nbd2 Nb6 12. Ne4 Nxc4 13. Nxc5 Nd6 14.
Ne4 Nxe4 15. dxe4 Bg6 16. Bg5 f6 17. Bh4 Qxd1 18. Raxd1 Rad8 19. Rd5 b6 20. Nh2 Ne7 21. Rxe5 fxe5 22. Bxe7 Rd2 23. Bxf8 Kxf8 24. Ng4 Rxb2 25. Nxe5 Be8 26. Rd1 Bxa4 27. f4 Bxd1 0-1